[Event "1000GM Saint Louis 2022"]
[Site "Saint Louis"]
[Date "2022.07.22"]
[Round "7.5"]
[White "Chandra, Akshat"]
[Black "Yu, Jennifer"]
[Result "1/2-1/2"]
[ECO "C42"]
[WhiteElo "2485"]
[BlackElo "2268"]
[Annotator "TA"]
[PlyCount "90"]
[EventDate "2022.07.20"]
[EventType "tourn"]
[EventCountry "USA"]
[SourceTitle "playchess.com"]
[Source "ChessBase"]
[SourceQuality "1"]
[TimeControl "5400+30"]

1. e4 e5 2. Nf3 Nf6 3. Nxe5 d6 4. Nf3 Nxe4 5. Nc3 Nxc3 6. dxc3 Be7 7. Be3 O-O 8. Qd2 {[%emt 0:00:26] C42: Petroff Defence: 3 Nxe5 and unusual White 3rd moves.} Nd7 9. O-O-O c6 10. Kb1 Nf6 11. Bd3 {[%emt 0:06:37] [#]} d5 $146 ({Predecessor:} 11... Qa5 12. Rhe1 Be6 13. c4 Qa6 14. b3 Qa3 15. Bd4 d5 16. Bb2 Qb4 17. Bc3 Qa3 {½-½ (25) Sanchez Manzanares,J (2094)-Ardila,O (1988) Pereira 2022}) 12. Bg5 Be6 13. h4 Ne4 14. Bxe4 dxe4 15. Nd4 Qd5 16. Nxe6 Qxe6 17. Bxe7 Qxe7 18. h5 h6 19. b3 f5 20. Qf4 a5 21. Rd6 a4 22. Rhd1 Qc7 23. Qe5 axb3 24. cxb3 Rf6 {[%emt 0:02:24] [#]} 25. Qc5 (25. R6d5 $1 $11 Rc8 26. Qxc7 Rxc7 27. Re5) 25... Rxd6 $15 26. Rxd6 {[%emt 0:01:27][%mdl 4096] Endgame KQR-KQR} Qf7 27. Qc4 Qxc4 28. bxc4 {[%emt 0:00:02] KR-KR} Re8 29. Rd7 f4 30. Kc2 ({Wrong is} 30. Rxb7 $2 e3 31. fxe3 fxe3 $19) 30... e3 31. fxe3 {[%emt 0:00:02] The position is equal.} fxe3 {[%emt 0:02:02] [#] Threatens to win with ...e2.} 32. Kd1 Ra8 33. Rxb7 Rxa2 34. Rc7 Rd2+ 35. Ke1 Rxg2 36. Rxc6 Kf7 37. c5 Rc2 38. Rc7+ Kf6 39. Rc6+ Kf5 40. Rg6 Rxc3 41. Rxg7 Kf4 42. Rg6 Rxc5 (42... Kf3 $5 43. Rf6+ Kg4 $11) 43. Rxh6 Rc1+ (43... Kf3 $5 44. Rf6+ Ke4 $11) 44. Ke2 Rc2+ 45. Ke1 Rh2 {[%emt 0:00:12] Weighted Error Value: White=0.07 (flawless) /Black=0.06 (flawless)} 1/2-1/2

[Event "1000GM Saint Louis 2022"]
[Site "Saint Louis"]
[Date "2022.07.22"]
[Round "8.1"]
[White "Woodward, Andy"]
[Black "Yu, Jennifer"]
[Result "0-1"]
[ECO "D17"]
[WhiteElo "2486"]
[BlackElo "2268"]
[Annotator "TA"]
[PlyCount "70"]
[EventDate "2022.07.20"]
[EventType "tourn"]
[EventCountry "USA"]
[SourceTitle "playchess.com"]
[Source "ChessBase"]
[SourceQuality "1"]
[TimeControl "5400+30"]

1. d4 d5 2. c4 c6 3. Nf3 Nf6 4. Nc3 dxc4 5. a4 Bf5 6. Ne5 Nbd7 7. Nxc4 Nb6 8. Ne5 a5 9. f3 {[%emt 0:00:07] D17: Slav Defence: 5 a4 Bf5: Lines with 6 Nh4 and 6 Ne5.} Nfd7 10. e4 Nxe5 11. exf5 {[%emt 0:00:07] The position is equal.} Nec4 {[%emt 0:04:18] was the old line (11...Ned7).} (11... Ned7 $1 $11) 12. Qb3 $14 Nd6 (12... Qxd4 $2 13. Bxc4 Qxc4 14. Qxb6 $18) 13. g4 g6 14. Bf4 $1 gxf5 15. Be5 Rg8 16. O-O-O e6 17. gxf5 Nxf5 18. Bh3 {[%emt 0:05:53] [#] aiming for Bxf5.} Bb4 {[%emt 0:09:27] [#] Threatening ...Qg5+.} 19. Ne4 $146 {[%emt 0:01:30] Prevents Qg5+. Black converts the advantage convincingly.} (19. Rdg1 $11 Rg6 20. Bxf5 exf5 21. h4) ({Predecessor:} 19. Rhg1 Rg6 20. Bxf5 exf5 21. Bg7 Qe7 22. Na2 Qe6 23. Qxe6+ fxe6 24. Nxb4 axb4 25. Rxg6 hxg6 {0-1 (55) Ganguly,S (2631)-Yu,R (2428) Qinhuangdao 2011}) 19... Rg6 20. Qd3 (20. Bxf5 $142 exf5 21. Nc3) 20... Nd5 $17 ({Stronger than} 20... Nxa4 21. d5 cxd5 22. Qb5+ Kf8 23. Qxa4 $17) 21. Bxf5 exf5 22. Nc5 (22. Nc3 $142) 22... Qe7 {[%emt 0:12:57] And now ...f4 would win.} 23. Kb1 (23. Rhe1 $142 Bxe1 24. Rxe1) 23... f4 ({Inferior is} 23... Bxc5 24. dxc5 Qxc5 25. Qxf5 $15) 24. Rhe1 $2 (24. Qe4 f5 25. Qxf5 Bxc5 26. Rde1 (26. dxc5 $2 Rg5 $19)) 24... Bxe1 $19 25. Rxe1 Kf8 {[%emt 0:04:35] White must now prevent ...f6.} 26. Qd2 Kg8 {[%emt 0:06:00] Against Bg7} 27. Bxf4 Qf6 28. Bg3 b6 29. Ne4 Qxf3 {[%emt 0:00:15] Black is clearly winning.} 30. Nd6 (30. Nc3 $142) 30... Nb4 31. Qc3 Qd5 {[%emt 0:00:30] Threatens to win with ...Rd8.} 32. Nc4 Qf5+ 33. Ka1 Nc2+ 34. Ka2 Nxe1 35. Nxb6 {[%emt 0:00:04] [#]} Re8 $1 {[%emt 0:00:23] Weighted Error Value: White=0.64/Black=0.14 (very precise)} 0-1

[Event "1000GM Saint Louis 2022"]
[Site "Saint Louis"]
[Date "2022.07.22"]
[Round "8.2"]
[White "Abrahamyan, Tatev"]
[Black "Chandra, Akshat"]
[Result "0-1"]
[ECO "B57"]
[WhiteElo "2291"]
[BlackElo "2485"]
[Annotator "TA"]
[PlyCount "76"]
[EventDate "2022.07.20"]
[EventType "tourn"]
[EventCountry "USA"]
[SourceTitle "playchess.com"]
[Source "ChessBase"]
[SourceQuality "1"]
[TimeControl "5400+30"]

1. e4 c5 2. Nf3 Nc6 3. d4 cxd4 4. Nxd4 Nf6 5. Nc3 d6 6. Bc4 Qb6 7. Nb3 e6 8. Be3 Qc7 9. Be2 a6 {[%emt 0:00:46] B57: Classical Sicilian: Sozin with 6...Qb6.} 10. f4 b5 11. a3 Bb7 {[%emt 0:01:30] The position is equal.} 12. O-O Be7 13. g4 (13. Qe1 $11) 13... h6 $15 {[%emt 0:13:06] [#]} 14. Rf2 $146 ({Predecessor:} 14. Qd2 g5 15. f5 h5 16. gxh5 Nxh5 17. fxe6 fxe6 18. Bg4 Rh6 19. Bxg5 Bxg5 20. Qxg5 {0-1 (43) Antoniewski,R (2405)-Grabarczyk,B (2445) Krynica 1997}) 14... b4 (14... Rd8 $17) 15. axb4 $11 Nxb4 16. Bf3 d5 17. e5 Ne4 18. Bxe4 dxe4 19. Qd4 O-O 20. Na5 (20. Nc5 $5 Nd5 21. Nxd5 (21. N3xe4 Rad8 $15) (21. N5xe4 Rfd8 $17) 21... Bxd5 22. Nxe4 $11) 20... Nc6 21. Qc4 Rfc8 22. Nxc6 Qxc6 23. Qxc6 Bxc6 24. Na4 {[%emt 0:04:07] [#] Strongly threatening Nb6.} Rab8 25. Nb6 Rd8 26. Rff1 f5 27. Rfc1 (27. exf6 $11 Bxf6 28. Rfb1) 27... g5 $17 {[%emt 0:04:06] White must now prevent ...gxf4.} 28. Nc4 gxf4 (28... fxg4 29. fxg5 Bxg5 30. Bxg5 hxg5 31. Ne3 $11) 29. Bxf4 Bc5+ ({Reject} 29... fxg4 30. Nd6 $11) 30. Kg2 {[%emt 0:00:55] This costs White the game.} (30. Ne3 $15) 30... e3+ $1 $19 ({Worse is} 30... fxg4 31. Rxa6 Bb5 32. Ra5 $17) 31. Kg3 Rd4 32. b3 (32. Nxe3 {might work better.} Re4 33. Nxf5 exf5 34. Rxa6 Bf2+ 35. Kxf2 Rxf4+ 36. Ke3 Re4+ 37. Kf2) 32... e2 {[%emt 0:00:32] And now ...Rf8 would win.} 33. Re1 $2 (33. h4) 33... fxg4 (33... h5 $142 34. h4 fxg4) 34. Rxa6 (34. Bxh6 $142 Bf3 35. Nd2) 34... Bf3 {[%emt 0:00:25][%cal Od4f4] aiming for ...Rxf4! Dancing on a razor blade.} 35. Rxe6 $2 (35. Bd2 h5 36. h4) 35... Bb4 {[%emt 0:00:24][%cal Rb4e1] A strong pair of Bishops.} 36. Nd2 Rxf4 37. Nxf3 {[%emt 0:00:35] [#]} Rxf3+ (37... gxf3 $142 $1 38. Kxf4 (38. Rxe2 fxe2) 38... f2 39. Rxe2 f1=Q+ 40. Ke3 Qh3+ 41. Ke4 Qxe6 42. Rg2+ Kh7 43. Rf2 Rd8 44. h4 Qg4+ 45. Rf4 Qg2+ 46. Rf3 Bd2 47. e6 Qe2+ 48. Kf5 Qxf3+ 49. Ke5 Qf4#) 38. Kxg4 Rf2 {[%emt 0:00:12] Weighted Error Value: White=0.82/Black=0.31} ({Inferior is} 38... Bxe1 39. Kxf3 Bh4 40. Kxe2 $15) 0-1

[Event "1000GM Saint Louis 2022"]
[Site "Saint Louis"]
[Date "2022.07.22"]
[Round "8.3"]
[White "Eswaran, Ashritha"]
[Black "Kretchetov, Alexandre"]
[Result "1-0"]
[ECO "B15"]
[WhiteElo "2394"]
[BlackElo "2219"]
[Annotator "TA"]
[PlyCount "61"]
[EventDate "2022.07.20"]
[EventType "tourn"]
[EventCountry "USA"]
[SourceTitle "playchess.com"]
[Source "ChessBase"]
[SourceQuality "1"]
[TimeControl "5400+30"]

1. e4 c6 2. Nc3 d5 3. Nf3 g6 4. d4 Bg7 5. h3 dxe4 6. Nxe4 Nf6 {[%emt 0:00:04] outshines the older 6...Nd7.} 7. Nxf6+ exf6 8. c3 {[%emt 0:01:35] B15: Caro-Kann: 3 Nc3: 3...g6 and 3...dxe4 4 Nxe4 Nf6 5 Nxf6+ exf6.} O-O 9. Be2 {[%emt 0:01:38] [#] Active counter play!} Nd7 $146 ({Predecessor:} 9... a5 10. O-O a4 11. Be3 Re8 12. Qd2 Na6 13. Rfe1 Nc7 14. c4 Bf5 15. Red1 Be4 {½-½ (30) Dobosz,H (2409)-Berchtenbreiter,M (2467) Austria 2019}) 10. Be3 {[%emt 0:00:34] The position is equal.} Re8 11. Qc2 Nb6 12. c4 {[%emt 0:03:29] Inhibits Nd5.} Bf5 13. Qc3 Be4 14. O-O f5 15. Rad1 Qc7 16. Qc1 Rad8 17. b3 (17. Ng5 {seems wilder.} Nd7 18. Nxe4 Rxe4 19. Bf3) 17... Qc8 (17... Nd7 $11 {should be considered.}) 18. Rfe1 $14 Bxf3 19. Bxf3 f4 20. Bxf4 {[%emt 0:00:11] And now Rxe8+ would win.} Rxe1+ 21. Rxe1 Bxd4 22. Re4 {[%emt 0:01:34] Hoping for c5.} Bf6 23. Qe3 {[%emt 0:02:32] Black must now prevent Bg4.} Qa8 $2 {[%emt 0:07:56] Loses the game.} (23... Nd7 $16) 24. g4 $18 Nd7 25. g5 Bg7 26. Bg4 {[%emt 0:02:01] A strong pair of Bishops.} (26. Bc7 $142 Rc8 {[#]} 27. Bg4 $1) 26... f5 $2 (26... Bf8) 27. gxf6 {[%emt 0:15:28] White is clearly winning.} Nxf6 28. Re7 {[%emt 0:00:42][%cal Oe7g7] Intending Rxg7+! and mate.} Re8 29. Qe6+ Kh8 30. Be5 Rf8 {[%emt 0:04:38] [#]} 31. Rxg7 $1 {[%emt 0:00:26][%mdl 512] Weighted Error Value: White=0.09 (flawless) /Black=0.41} 1-0

[Event "1000GM Saint Louis 2022"]
[Site "Saint Louis"]
[Date "2022.07.22"]
[Round "8.5"]
[White "Mardov, Dimitar"]
[Black "Gauri, Shankar"]
[Result "*"]
[ECO "D78"]
[WhiteElo "2396"]
[BlackElo "2376"]
[Annotator "TA"]
[PlyCount "95"]
[EventDate "2022.07.20"]
[EventType "tourn"]
[EventCountry "USA"]
[SourceTitle "playchess.com"]
[Source "ChessBase"]
[SourceQuality "1"]
[TimeControl "5400+30"]

1. d4 Nf6 2. Nf3 g6 3. g3 Bg7 4. Bg2 d5 5. O-O O-O 6. c4 c6 {[%emt 0:00:04] 6...c6 is better than 6...dxc4.} 7. Qa4 Qb6 {[%emt 0:08:25] D78: Fianchetto Grünfeld: 6 0-0 c6.} 8. Nc3 {[%emt 0:02:58] [#]} Bf5 $146 ({Predecessor:} 8... Qa6 9. Qxa6 Nxa6 10. cxd5 cxd5 11. Bf4 Rd8 12. Rfc1 Bd7 13. Ne5 Be8 14. Nd3 Rac8 15. e3 {1-0 (29) Fedoseev,V (2687)-Pershin,D (2391) Sochi 2021}) 9. c5 Qa6 10. Qd1 Nbd7 11. Nh4 Be6 12. a4 b6 13. cxb6 axb6 14. Bf4 h6 {[%emt 0:05:36] And now ...g5 would win.} 15. Nf3 Rac8 16. Ne5 Rfd8 17. Nxd7 Rxd7 18. a5 Ne4 19. Na4 $1 Qxa5 {[%emt 0:07:32] [#] ...Qb4 is the strong threat.} ({Resist} 19... bxa5 20. Bxe4 dxe4 21. Nc5 $16) 20. Nc5 $1 {[%emt 0:01:14][%mdl 64] Discovered Attack} Qxa1 21. Qxa1 bxc5 22. dxc5 Rb7 23. Bxe4 dxe4 24. Qa4 f5 (24... g5 $11 25. Bc1 Bd5) 25. b4 $14 g5 26. Bd2 Rd7 27. Be3 Bc4 {[%emt 0:00:41] Prevents b5.} 28. Qc2 Bb5 (28... Be6 $16) 29. Qa2+ (29. h4 $18) 29... Rd5 $16 30. h4 {[%emt 0:02:37] Black must now prevent Rd1.} Bf6 31. Kg2 (31. Rd1 $16 Rcd8 32. Rxd5 Rxd5 33. Kg2) 31... Kg7 $1 $11 32. hxg5 hxg5 33. Rh1 Rcd8 34. Qc2 Rh8 (34... g4 $11) 35. Rxh8 $14 Kxh8 36. Bc1 $36 {[%emt 0:02:11][%mdl 2048] White fights for an advantage.} Kg7 ({Black should try} 36... g4 $14) 37. Bb2 $16 Bxb2 38. Qxb2+ {[%emt 0:00:06][%mdl 4096] Endgame KQ-KRB} Kf7 39. Qc2 ({White should play} 39. g4 $18) 39... Rd4 (39... g4 $1 $11 {and Black is okay.}) 40. g4 $18 f4 41. Qb2 Rd5 {[%emt 0:00:22][%cal Ob5e2] Threatens to win with ...Bxe2!} 42. Qh8 (42. e3 $18) 42... Bxe2 $14 {[%emt 0:01:23] ( -> ...Bf3+)} 43. Qh7+ Kf6 44. Qxe4 Bd3 {[%emt 0:00:34] [#]} 45. Qe1 e5 46. f3 ({Better is} 46. b5 $14 Bxb5 47. Qb1) 46... Bb5 $11 47. Qe4 {[%emt 0:01:56] Hoping for Qf5+.} Bd3 48. Qe1 {[%emt 0:00:14] Weighted Error Value: White=0.20 (precise) /Black=0.17 (very precise)} *

[Event "1000GM Saint Louis 2022"]
[Site "Saint Louis"]
[Date "2022.07.23"]
[Round "9.1"]
[White "Gauri, Shankar"]
[Black "Woodward, Andy"]
[Result "0-1"]
[ECO "A16"]
[WhiteElo "2376"]
[BlackElo "2486"]
[Annotator "TA"]
[PlyCount "81"]
[EventDate "2022.07.20"]
[EventType "tourn"]
[EventCountry "USA"]
[SourceTitle "playchess.com"]
[Source "ChessBase"]
[SourceQuality "1"]
[TimeControl "5400+30"]

1. c4 Nf6 2. Nf3 g6 3. g3 Bg7 4. Bg2 O-O 5. Nc3 d5 6. cxd5 Nxd5 7. h4 {[%emt 0:00:12] A16: English Opening: 1...Nf6 with ...d5.} c5 8. h5 Nc6 9. hxg6 {[%emt 0:07:45] White has an edge.} hxg6 ({Don't play} 9... fxg6 10. Ng5 Rf5 11. Nxh7 $16) 10. Ng5 e6 11. Nge4 {[%emt 0:03:22] [#]} ({Better is} 11. d3 $16) 11... c4 $146 ({Predecessor:} 11... b6 12. d3 Bb7 13. Bg5 f6 14. Bd2 Nce7 15. Qb3 Rb8 16. O-O-O Qd7 17. g4 g5 18. Nxd5 Bxd5 {0-1 (27) Halkias,S (2571)-Savchenko,B (2566) Riadh 2017}) 12. d3 cxd3 13. Qxd3 (13. Bh6 $11) 13... f5 $17 14. Nxd5 fxe4 15. Bxe4 {[%emt 0:06:44] Nf4 is the strong threat.} Ne5 16. Qb3 {[%emt 0:01:44] Threatens to win with Nf4.} exd5 17. Bxd5+ Nf7 18. Bd2 {[%emt 0:06:29] [#]} a5 {[%emt 0:06:53] Prevents Bb4.} 19. Rd1 Qe7 {[%emt 0:02:41] Prevents Bb4.} 20. Rh4 Bf5 {[%emt 0:05:29] Against Re4} 21. Qxb7 ({Of course not} 21. e4 Rfe8 22. Qxb7 Qxb7 23. Bxb7 Rab8 $17) 21... Qxb7 {[%emt 0:04:28] Really sharp!} 22. Bxb7 Rab8 (22... Bxb2 23. Bxa8 Rxa8 24. Bc1 Bc3+ 25. Bd2 $11) 23. Bd5 Bf6 (23... Rxb2 $17 24. Rc4 Re8) 24. Rc4 $11 Rxb2 25. Rc6 Bh8 26. g4 {[%emt 0:00:35][%mdl 1024] White has compensation.} Bb1 27. Rdc1 Kh7 ({But not} 27... Bxa2 28. Rxg6+ Kh7 29. Be4 Rxd2 30. Kxd2 Rd8+ 31. Rd6+ Kg8 32. Rxd8+ Nxd8 33. Rc8 $18) 28. f4 Bg7 29. a4 g5 30. Rc7 Ba2 (30... Rd8 $2 31. Rxf7 Rxd2 32. Kxd2 $18) 31. Be4+ (31. Rxf7 $5 Rxf7 32. Bxf7 Bxf7 33. Rc7 $11) 31... Kg8 32. fxg5 {[%emt 0:00:41] [#]} (32. R1c6 $15 {was preferrable.}) 32... Be5 $1 $17 33. g6 $2 {[%emt 0:00:31][%mdl 8192] [#] Loses the game.} (33. Bc3 $17) 33... Ng5 $1 {[%emt 0:00:58][%mdl 512] ( -> ...Bg3+)} 34. Bf5 Bg3+ 35. Kd1 Bb3+ 36. R7c2 {[%emt 0:00:20] [#]} Ne4 $1 {[%emt 0:00:56][%mdl 512] White must now prevent ...Nf2+.} 37. e3 Rxc2 38. Be6+ (38. Rxc2 $19 Nxd2 39. Kxd2 Bxc2 40. Bxc2) 38... Bxe6 {[%emt 0:00:29][%csl Ge4][%cal Rc2d2] Black mates.} 39. Kxc2 Rc8+ 40. Kd3 Nxd2 41. Kd4 {[%emt 0:00:24] Weighted Error Value: White=0.53/Black=0.25 (precise)} 0-1

[Event "1000GM Saint Louis 2022"]
[Site "Saint Louis"]
[Date "2022.07.23"]
[Round "9.4"]
[White "Chandra, Akshat"]
[Black "Eswaran, Ashritha"]
[Result "1/2-1/2"]
[ECO "E43"]
[WhiteElo "2485"]
[BlackElo "2394"]
[Annotator "TA"]
[PlyCount "51"]
[EventDate "2022.07.20"]
[EventType "tourn"]
[EventCountry "USA"]
[SourceTitle "playchess.com"]
[Source "ChessBase"]
[SourceQuality "1"]
[TimeControl "5400+30"]

1. d4 Nf6 2. c4 e6 3. Nc3 Bb4 4. e3 b6 5. Nf3 Bb7 6. Bd3 Bxc3+ 7. bxc3 d6 8. O-O O-O 9. Nd2 c5 10. e4 {[%emt 0:10:58] E43: Nimzo-Indian: Rubinstein: 4...b6.} Nc6 11. Nb3 a5 {[%emt 0:02:06] [#]} 12. d5 $146 ({Predecessor:} 12. Be3 cxd4 13. cxd4 Nb4 14. d5 exd5 15. exd5 b5 16. cxb5 Nfxd5 17. Qd2 Nxe3 18. Qxe3 Re8 {½-½ (74) Moiseenko,A (2620)-Svane,F (2438) Tornelo INT 2021}) 12... Ne5 {[%emt 0:01:38] [#] Threatens to win with ...a4.} 13. Bf4 Re8 (13... Nxd3 $11 14. Qxd3 Nh5) 14. Bxe5 $14 dxe5 15. Qe2 Ba6 16. Nd2 Qd7 17. Rfb1 Rab8 18. Nf1 exd5 19. cxd5 b5 20. Ne3 c4 21. Bc2 Qc7 22. Qd2 Rb6 23. Nf5 g6 24. d6 ({White should try} 24. Nh6+ $11 Kg7 25. a3) 24... Qd8 $1 $15 25. Qg5 Kh8 ({Black should play} 25... Bc8 $1 $15 26. a4 Bxf5 27. exf5 Nd5) 26. Nh6 {[%emt 0:00:04] Weighted Error Value: White=0.17 (very precise) /Black=0.14 (very precise)} 1/2-1/2

[Event "1000GM Saint Louis 2022"]
[Site "Saint Louis"]
[Date "2022.07.23"]
[Round "9.5"]
[White "Yu, Jennifer"]
[Black "Abrahamyan, Tatev"]
[Result "1/2-1/2"]
[ECO "D78"]
[WhiteElo "2268"]
[BlackElo "2291"]
[Annotator "TA"]
[PlyCount "116"]
[EventDate "2022.07.20"]
[EventType "tourn"]
[EventCountry "USA"]
[SourceTitle "playchess.com"]
[Source "ChessBase"]
[SourceQuality "1"]
[TimeControl "5400+30"]

1. d4 Nf6 2. Nf3 g6 3. g3 Bg7 4. Bg2 d5 5. O-O O-O 6. c4 c6 {[%emt 0:00:04] The main line 6...c6 scores better than 6...dxc4.} 7. Qa4 Qb6 {[%emt 0:08:25] D78: Fianchetto Grünfeld: 6 0-0 c6.} 8. Nc3 {[%emt 0:02:58] [#]} Bf5 $146 ({Predecessor:} 8... Qa6 9. Qxa6 Nxa6 10. cxd5 cxd5 11. Bf4 Rd8 12. Rfc1 Bd7 13. Ne5 Be8 14. Nd3 Rac8 15. e3 {1-0 (29) Fedoseev,V (2687)-Pershin,D (2391) Sochi 2021}) 9. c5 Qa6 10. Qd1 Nbd7 11. Nh4 Be6 12. a4 b6 13. cxb6 axb6 14. Bf4 h6 {[%emt 0:05:36] aiming for ...g5.} 15. Nf3 Rac8 16. Ne5 Rfd8 17. Nxd7 Rxd7 18. a5 Ne4 19. Na4 $1 Qxa5 {[%emt 0:07:32] [#]} ({Don't take} 19... bxa5 20. Bxe4 dxe4 21. Nc5 $16) 20. Nc5 $1 {[%emt 0:01:14][%mdl 64] Discovered Attack} Qxa1 21. Qxa1 bxc5 22. dxc5 Rb7 23. Bxe4 dxe4 24. Qa4 f5 (24... g5 $5 25. Bc1 Bd5 $11) 25. b4 g5 26. Bd2 Rd7 (26... Rbb8 $1 $11) 27. Be3 $16 {[%emt 0:01:38] Threatens to win with b5.} Bc4 {[%emt 0:00:41] Prevents b5.} 28. Qc2 Bb5 29. Qa2+ (29. h4 $142) 29... Rd5 30. h4 Bf6 31. Kg2 (31. Rd1 $1 $16 Rcd8 32. Rxd5 Rxd5 33. Kg2) 31... Kg7 $14 32. hxg5 hxg5 33. Rh1 Rcd8 34. Qc2 Rh8 (34... Ra8 $11) 35. Rxh8 $16 Kxh8 36. Bc1 $36 {[%emt 0:02:11][%mdl 2048] Keeping Black busy.} Kg7 37. Bb2 {[%emt 0:00:45] Prevents Rd4.} Bxb2 38. Qxb2+ {[%emt 0:00:06][%mdl 4096] Endgame KQ-KRB} Kf7 39. Qc2 ({Better is} 39. g4 $18) 39... Rd4 (39... g4 $1 $11) 40. g4 $18 f4 41. Qb2 Rd5 42. Qh8 (42. Kh2 $18) 42... Bxe2 $14 {[%emt 0:01:23] ( -> ...Bf3+)} 43. Qh7+ Kf6 44. Qxe4 Bd3 45. Qe1 e5 46. f3 (46. Qc1 $16) 46... Bb5 $1 $11 47. Qe4 {[%emt 0:01:56] Qf5+ is the strong threat.} Bd3 48. Qe1 {[%emt 0:00:14] And now Qa1 would win.} Rd4 $2 (48... Bb5 $11) 49. Qc3 $2 (49. Qa1 $18) 49... Bc4 (49... Bb5 $11) 50. Qc2 ({White should play} 50. Qa1 $1 $14 Rd2+ 51. Kg1) 50... Bd3 $2 (50... e4 $1 $11) 51. Qc3 $2 (51. Qa2 $18) 51... Rd8 (51... Bb5 $11) 52. Qa1 (52. b5 $1 $16 Bxb5 53. Qa5) 52... Bc4 (52... Bb5 $1 $11 {remains equal.}) 53. Qc3 (53. b5 $1 $16 Bxb5 54. Qa5) 53... Bd3 {[%emt 0:00:46] [#]} (53... Rd4 $11 {keeps the balance.}) 54. Qa1 (54. b5 $1 $16 Bxb5 55. Qa5) 54... Bb5 55. Qa2 Rd5 $2 {[%emt 0:00:29][%mdl 8192] [#]} (55... Ke7 $1 $11 {and Black is okay.}) 56. Qa8 $1 $18 {[%emt 0:00:47] Hoping for Qf8+.} Rd2+ 57. Kg1 Rd1+ 58. Kg2 $2 ({White must play} 58. Kf2 $18 Ke7 59. Qb8 Rd2+ 60. Ke1 Re2+ 61. Kd1) 58... Rd2+ {[%emt 0:00:16] Weighted Error Value: White=0.36/Black=0.47} 1/2-1/2